 Dungeon Crawl Stone Soup version 0.30-a0-371-gad7725a93e (webtiles) character file.

Game seed: 324142893677531591

235 Lobster4 the Shooter (level 5, 0/46 HPs)
             Began as a Minotaur Hunter on Nov 23, 2022.
             Succumbed to a scorpion's poison
             ... on level 4 of the Dungeon.
             The game lasted 00:06:20 (2138 turns).

Lobster4 the Shooter (Minotaur Hunter)              Turns: 2138, Time: 00:06:21

Health: 0/46       AC:  3    Str: 15    XL:     5   Next: 76%
Magic:  4/4        EV: 12    Int:  6    God:
Gold:   137        SH:  0    Dex: 16    Spells: 4/4 levels left

rFire   + . .      SeeInvis .    a - +0 shortbow
rCold   + + .      Faith    .    (shield currently unavailable)
rNeg    . . .      Spirit   .    c - +0 leather armour
rPois   +          Reflect  .    (helmet restricted)
rElec   +          Harm     .    (no cloak)
rCorr   +          Rampage  .    (no gloves)
Will    .....                    (no boots)
Stlth   ++........               (no amulet)
HPRegen 0.27/turn                m - ring of protection from cold
MPRegen 0.09/turn                (no ring)

@: brilliant, lethally poisoned (0 -> -4), resistant
A: horns 2, retaliatory headbutt
a: no special abilities


You were on level 4 of the Dungeon.
You visited 1 branch of the dungeon, and saw 4 of its levels.

You collected 137 gold pieces.

Inventory:

Hand Weapons
 a - a +0 shortbow (weapon)
 b - a +0 rapier
 e - a +0 long sword
 i - a +0 short sword
 k - a +0 sling
 o - a +0 flail
Armour
 c - a +0 leather armour (worn)
 g - a +0 scale mail
 l - a +0 chain mail
Jewellery
 m - a ring of protection from cold (left hand)
Scrolls
 f - a scroll of fear {unknown}
 p - a scroll of immolation
 q - a scroll of identify {unknown}
Potions
 j - a potion of cancellation {unknown}


   Skills:
 + Level 4.0 Fighting
 - Level 1.0 Short Blades
 * Level 6.0 Ranged Weapons
 + Level 2.7 Armour
 - Level 3.0 Dodging
 - Level 1.0 Stealth


You had 4 spell levels left.
You didn't know any spells.
Your spell library was empty.

Dungeon Overview and Level Annotations

Branches:
Dungeon (4/15)
 Temple: D:4-7

Altars:
Xom

Annotations:
D:4 exclusion: scorpion


Innate Abilities, Weirdness & Mutations

You have a pair of horns on your head.
You reflexively headbutt those who attack you in melee.


Message History

Aim: a scorpion (heavily wounded, 65% to hit)
You shoot an arrow.
The arrow hits the scorpion but does no damage.
The scorpion is heavily wounded.
You feel sick. The scorpion closely misses you. The scorpion stings you!
* * * LOW HITPOINT WARNING * * *
You are more poisoned.
The scorpion poisons you!
You feel better. The scorpion closely misses you.
Fire: a) +0 shortbow
Press: ? - help, Q - select action Shift-Dir - straight line, f/p - scorpion
Aim: a scorpion (heavily wounded, 65% to hit)
You shoot an arrow. The arrow hits the scorpion.
The scorpion is severely wounded.
The scorpion stings you!
* * * LOW HITPOINT WARNING * * *
The scorpion stings you.
* * * LOW HITPOINT WARNING * * *
You are lethally poisoned!
The scorpion poisons you!
You feel better. The scorpion stings you.
* * * LOW HITPOINT WARNING * * *
You are lethally poisoned!
The scorpion poisons you!
Fire: a) +0 shortbow
Press: ? - help, Q - select action Shift-Dir - straight line, f/p - scorpion
Aim: a scorpion (severely wounded, 65% to hit)
You shoot an arrow. The arrow hits the scorpion.
The scorpion is almost dead.
* * * LOW HITPOINT WARNING * * *
You feel very sick. The scorpion stings you.
* * * LOW HITPOINT WARNING * * *
It was a potion of resistance.
You feel protected.
* * * LOW HITPOINT WARNING * * *
You feel sick. The scorpion misses you.
It was a potion of brilliance.
You feel clever all of a sudden.
You die...

#...#.....(#.....
#......#...'......#.....
#......#...#...)..#....)
#......#...##.....#.####
#......#...##..######...
#......#.......#........
#......#.......#....####
#.....s#.......#.####...
#......@...##..#.....)..
#......#...#####....####
#......#.......######...
#......#.......#........
#......#.......#....####
..######.......#.#### .
#...............#
#........##..<..#
#...##...##.....#


You could see a scorpion.

Vanquished Creatures
  A centaur (D:4)
  A hound (D:4)
  5 adders
  A gnoll (D:1)
  2 worms (D:2)
  A dart slug (D:4)
  3 orcs
  6 bats
  4 endoplasms
  A giant cockroach (D:3)
  6 goblins
  5 hobgoblins
  3 quokkas
  5 ball pythons
  4 frilled lizards
  5 kobolds
  9 rats
62 creatures vanquished.

Notes
Turn   | Place    | Note
-------+----------+-------------------------------------------
     0 | D:1      | Lobster4 the Minotaur Hunter began the quest for the Orb.
     0 | D:1      | Reached XP level 1. HP: 18/18 MP: 0/0
    96 | D:1      | Reached skill level 1 in Stealth
   108 | D:1      | Reached XP level 2. HP: 25/25 MP: 1/1
   275 | D:1      | Reached skill level 1 in Armour
   277 | D:1      | Reached XP level 3. HP: 30/30 MP: 2/2
   488 | D:2      | Found a faded altar of an unknown god.
   640 | D:2      | Reached skill level 5 in Ranged Weapons
   956 | D:3      | Reached XP level 4. HP: 29/38 MP: 3/3
  1141 | D:3      | Found a shimmering altar of Xom.
  1879 | D:4      | Noticed a scorpion
  1930 | D:4      | Noticed a centaur
  1943 | D:4      | Killed a centaur
  1944 | D:4      | Reached skill level 1 in Short Blades
  1944 | D:4      | Reached XP level 5. HP: 19/46 MP: 4/4
  2121 | D:4      | Reached skill level 6 in Ranged Weapons
  2132 | D:4      | HP: 1/46 [scorpion (7)]
  2137 | D:4      | HP: 1/46 [poisoned by a scorpion]
  2138 | D:4      | Succumbed to a scorpion's poison

Illustrated notes

Levels and vault maps discovered:
D:1:      dpeg_arrival_line_fractal, layout_rooms
D:2:      layout_basic, basic_ecumenical_altar, minmay_misc_feat_rugged
D:3:      layout_basic, nicolae_overflow_hidden_temple
D:4:      minmay_angry_zag, layout_gridville, minmay_temple_entry_butterflies,
          chequers_arboretum

Skill      XL: |  1  2  3  4  5 |
---------------+----------------+-----
Stealth        | 1 |  1.0
Armour         | 1 2 |  2.7
Fighting       | 3 4 |  4.0
Ranged Weapons | 5 6 |  6.0
Dodging        | 3 |  3.0
Short Blades   | 1 |  1.0

Action                   |  1- 3 |  4- 6 || total
-------------------------+-------+-------++-------
 Fire: Shortbow          |    94 |    71 ||   165
  Use: Scroll            |       |     2 ||     2
       Potion            |       |     5 ||     5
Armor: Leather armour    |    22 |    10 ||    32
Dodge: Dodged            |    23 |    35 ||    58

Table legend: (Time is in decaauts)
 A = Elapsed time spent in this place.
 B = Non-inter-level travel time spent in this place.
 C = Inter-level travel time spent in this place.
 D = Time resting spent in this place.
 E = Time spent auto-exploring this place.
 F = Levels seen in this place.
 G = Mean time per level.
                   A        B        C        D        E       F      G
               +--------+--------+--------+--------+--------+-----+--------+
         Total |   2182 |   2086 |     96 |    205 |   1448 |   4 |  545.5 |
       Dungeon |   2182 |   2086 |     96 |    205 |   1448 |   4 |  545.5 |
               +--------+--------+--------+--------+--------+-----+--------+

Top non-repeatable levels by time:
     D:3: 709 daAuts
     D:4: 513 daAuts
     D:1: 504 daAuts
     D:2: 455 daAuts
